 Dungeon Crawl Stone Soup version 0.21-a0-321-g91e3373 (webtiles) character file.

302 aspa the Magician (level 6, -8/36 HPs)
             Began as an Octopode Wizard on Sept 30, 2017.
             Killed by divine providence
             ... invoked by an orc priest
              (15 damage)
             ... on level 4 of the Dungeon.
             The game lasted 00:17:50 (5081 turns).

aspa the Magician (Octopode Wizard)                 Turns: 5081, Time: 00:17:51

Health: -8/36      AC:  1    Str:  3 (6)  XL:     6   Next: 37%
Magic:  2/14       EV: 13    Int: 20 (23) God:
Gold:   171        SH:  0    Dex:  7 (10) Spells: 3/16 levels left

rFire    . . .     SeeInvis .   (no weapon)
rCold    + . .     Gourm    .   (no shield)
rNeg     . . .     Faith    .   a - +0 hat
rPois    .         Spirit   .   (no amulet)
rElec    .         Reflect  .   e - ring of protection from magic
rCorr    +         Harm     .   t - ring of protection from cold
MR       +....                  p - ring of resist corrosion
Stlth    +++.......             (no ring)
HPRegen  0.12/turn              (no ring)
MPRegen  0.14/turn              (no ring)
                                (no ring)
                                (no ring)

@: no status effects
A: almost no armour, stealthy swim, amphibious, 8 rings, constrict 8, camouflage
1, gelatinous body 1
a: no special abilities


You were on level 4 of the Dungeon.
You were not hungry.

You visited 1 branch of the dungeon, and saw 5 of its levels.

You collected 171 gold pieces.

Inventory:

Hand Weapons
 x - a +0 flail of pain
Armour
 a - a +0 hat (worn)
Jewellery
 e - a ring of protection from magic (left tentacle)
 p - a ring of resist corrosion (on tentacle)
 t - a ring of protection from cold (right tentacle)
Scrolls
 g - a scroll of enchant weapon {unknown}
 i - 2 scrolls of remove curse
 k - a scroll of recharging {unknown}
 l - a scroll of enchant armour {unknown}
 o - a scroll of blinking {unknown}
 r - 2 scrolls of identify {unknown}
 s - a scroll of noise {unknown}
Potions
 f - a potion of degeneration
 h - a potion of lignification {unknown}
 j - a potion of curing
 m - a potion of ambrosia {unknown}
 q - a potion of berserk rage {unknown}
Books
 b - a book of Minor Magic

   Spells                             Type                      Level
   a - Magic Dart                     Conjuration                  1
   b - Blink                          Translocation                2
   c - Call Imp                       Summoning                    2
   d - Slow                           Hexes                        2
   e - Conjure Flame                  Conjuration/Fire             3
   f - Mephitic Cloud                 Conjuration/Poison/Air       3
 u - a book of Maledictions

   Spells                             Type                      Level
   a - Corona                         Hexes                        1
   b - Ensorcelled Hibernation        Hexes/Ice                    2
   c - Confuse                        Hexes                        3
   d - Tukima's Dance                 Hexes                        3
   e - Dazzling Spray                 Conjuration/Hexes            3
 y - a book of Maledictions

   Spells                             Type                      Level
   a - Corona                         Hexes                        1
   b - Ensorcelled Hibernation        Hexes/Ice                    2
   c - Confuse                        Hexes                        3
   d - Tukima's Dance                 Hexes                        3
   e - Dazzling Spray                 Conjuration/Hexes            3
Comestibles
 c - 2 bread rations
 n - 2 meat rations
 v - 2 fruits
 w - a chunk of flesh


   Skills:
 - Level 2.0 Dodging
 - Level 2.6 Stealth
 + Level 5.7 Spellcasting
 - Level 3.2 Conjurations
 - Level 1.1 Summonings
 - Level 1.0 Translocations


You had 3 spell levels left.
You knew the following spells:

 Your Spells              Type           Power        Failure   Level  Hunger
a - Magic Dart            Conj           ###.         2%          1    None
b - Call Imp              Summ           ##......     11%         2    None
c - Mephitic Cloud        Conj/Pois/Air  ##......     21%         3    ##.....
d - Blink                 Tloc           N/A          11%         2    None
e - Slow                  Hex            #.......     16%         2    None
f - Conjure Flame         Conj/Fire      ##......     17%         3    ##.....


Dungeon Overview and Level Annotations

Branches:
Dungeon (5/15)
 Temple: D:4-7

Altars:
Ashenzari
Cheibriados
Okawaru
Trog
Uskayaw
Xom
The Shining One

Annotations:
D:4 Grinder, Pikel


Innate Abilities, Weirdness & Mutations

You cannot wear most types of armour.
You are very stealthy in the water. (Stealth+)
You are amphibious.
You can wear up to eight rings at the same time.
You can use your tentacles to constrict eight enemies at once.
Your skin changes colour to match your surroundings (Stealth+).
Your rubbery body absorbs attacks. (AC +1, EV +1)


Message History

Your magical contamination has completely faded away.
Okay, then.
Pikel says, "I knew I should've brought a map."
You feel sick.
You are no longer poisoned.
Casting: Blink
Confirm with . or Enter, or press ? or * to list all spells.
Aiming: Mephitic Cloud
Press: ? - help, Shift-Dir - straight line, f - slave
Aim: a slave, wearing an animal skin The ball explodes into a vile cloud!
The stinking cloud engulfs the slave.
The slave is engulfed in noxious fumes.
The slave is engulfed in noxious fumes.
The slave appears confused.
The slave is engulfed in noxious fumes.
The slave appears confused.
Casting: Mephitic Cloud
Confirm with . or Enter, or press ? or * to list all spells.
You don't have enough magic to cast that spell.
The orc priest calls down the wrath of Beogh upon you.
Beogh smites you!
You die...

######### #.......#
#.......##########
#..........#.....##
#.................##
#####...........@...#
....................#
...##...............#
...##...............######.
.####..................#!..
.#####...........pp###....#.## .
.<.####............o.............
##<.########.#.##..p..........#Z
###..## #.#................Z#


You could see 3 slaves and an orc priest.

Vanquished Creatures
  An orc priest (D:4)
  An orc wizard (D:3)
  A gnoll shaman (D:3)
  A worker ant (D:4)
  3 gnolls (D:4)
  3 adders (D:3)
  2 oozes
  3 worms
  A dart slug (D:2)
  A leopard gecko (D:2)
  9 orcs
  2 giant cockroaches
  6 goblins
  2 hobgoblins
  6 jackals
  2 quokkas (D:3)
  6 bats
  4 kobolds (D:1)
  7 rats
61 creatures vanquished.

Vanquished Creatures (collateral kills)
  An orc wizard (D:3)
  An adder (D:3)
  4 gnolls (D:3)
  2 worms (D:3)
8 creatures vanquished.

Grand Total: 69 creatures vanquished

Notes
Turn   | Place    | Note
-------+----------+-------------------------------------------
     0 | D:1      | aspa the Octopode Wizard began the quest for the Orb.
     0 | D:1      | Reached XP level 1. HP: 11/11 MP: 4/4
   174 | D:1      | Reached XP level 2. HP: 12/17 MP: 1/6
   233 | D:1      | Learned a level 2 spell: Call Imp
  1026 | D:2      | Reached XP level 3. HP: 21/21 MP: 6/8
  1031 | D:2      | Learned a level 3 spell: Mephitic Cloud
  1034 | D:2      | Learned a level 2 spell: Blink
  1795 | D:2      | Found a shattered altar of Ashenzari.
  1797 | D:2      | Found a glowing golden altar of the Shining One.
  1797 | D:2      | Found an iron altar of Okawaru.
  1800 | D:2      | Found an iron altar of Okawaru.
  1800 | D:2      | Found a shimmering altar of Xom.
  1800 | D:2      | Found a snail-covered altar of Cheibriados.
  2039 | D:3      | Found a glowing golden altar of the Shining One.
  2425 | D:3      | Reached skill level 4 in Spellcasting
  2425 | D:3      | Reached XP level 4. HP: 27/27 MP: 3/10
  2429 | D:3      | Learned a level 2 spell: Slow
  3195 | D:3      | Reached XP level 5. HP: 16/31 MP: 2/11
  3329 | D:3      | Found a hide-covered altar of Uskayaw.
  4028 | D:3      | Reached skill level 5 in Spellcasting
  4396 | D:4      | Reached XP level 6. HP: 35/36 MP: 8/13
  4401 | D:4      | Learned a level 3 spell: Conjure Flame
  4754 | D:4      | Noticed a slave
  4783 | D:4      | Noticed a slave
  4783 | D:4      | Noticed a slave
  4900 | D:4      | Noticed Grinder
  4982 | D:4      | Noticed a slave
  5051 | D:5      | Entered Level 5 of the Dungeon
  5062 | D:4      | Noticed a moth of wrath
  5065 | D:4      | Found a bloodstained altar of Trog.
  5071 | D:4      | Noticed Pikel
  5081 | D:4      | Killed from afar by an orc priest

Vault maps used:
D:1:      saegor_arrival_simple_c
D:2:      doesnt_xom_only_xom
D:3:      lemuel_coloured_pillars_altar, nicolae_overflow_hidden_temple
D:4:      tgw_trog, first_bread, uniq_grinder, uniq_pikel
D:5:      kennysheep_mini_moat, grunt_temple_overflow_open

Skill      XL: |  1  2  3  4  5 |
---------------+----------------+-----
Conjurations   | 2 3 |  3.2
Spellcasting   | 4 5 |  5.7
Dodging        | |  2.0
Stealth        | |  2.6
Summonings     | |  1.1
Translocations | |  1.0

Action                   |  1- 3 |  4- 6 || total
-------------------------+-------+-------++-------
Melee: Unarmed           |    43 |    22 ||    65
       Constrict         |    15 |     4 ||    19
       Tentacles         |     5 |     2 ||     7
 Cast: Magic Dart        |    98 |   127 ||   225
       Call Imp          |     6 |    13 ||    19
       Blink             |     1 |     6 ||     7
       Mephitic Cloud    |       |     2 ||     2
  Use: Scroll            |       |     3 ||     3
       Potion            |       |     2 ||     2
  Eat: Chunk             |     4 |     9 ||    13
Armor: Skin              |     3 |     4 ||     7
Dodge: Dodged            |    39 |    26 ||    65

Table legend:
 A = Spawn XP
 B = Non-spawn XP
 C = Spawn XP percentage of total XP
 D = Spawn monster count
 E = Non-spawn monster count
 F = Spawn count percentage of total count
 G = Total turns spent on level
                    A         B        C        D         E        F      G
               +---------+---------+-------+---------+---------+-------+---------
         Total |       0 |     432 |   0.0 |       0 |      69 |   0.0 |  5081
               +---------+---------+-------+---------+---------+-------+---------
           D:1 |       0 |      31 |   0.0 |       0 |      19 |   0.0 |   942
           D:2 |       0 |      27 |   0.0 |       0 |      10 |   0.0 |  1241
           D:3 |       0 |     237 |   0.0 |       0 |      31 |   0.0 |  2406
           D:4 |       0 |     137 |   0.0 |       0 |       9 |   0.0 |   490
               +---------+---------+-------+---------+---------+-------+---------
